 Dungeon Crawl Stone Soup version 0.27.1-1-g398f81649c (console) character file.

Game seed: 17274863936883846613

46 om the Insei (level 3, 0/28 HPs)
             Began as a Djinni Transmuter on Sept 8, 2021.
             Slain by a gnoll (5 damage)
             ... on level 2 of the Dungeon.
             The game lasted 00:06:14 (3101 turns).

om the Insei (Djinni Transmuter)                    Turns: 3101, Time: 00:06:14

Health: 0/28       AC:  2    Str: 10    XL:     3   Next: 92%
Gold:   162        EV: 12    Int: 14    God:
                   SH:  0    Dex: 13

rFire    + + .     SeeInvis .     - Unarmed
rCold    x . .     Faith    .   (no shield)
rNeg     . . .     Spirit   .   a - +0 robe
rPois    ∞         Reflect  .   (no helmet)
rElec    .         Harm     .   (no cloak)
rCorr    .         Rampage  .   (no gloves)
Will     .....                  (boots unavailable)
Stlth    +.........             (no amulet)
HPRegen  0.09/turn              (no ring)
MPRegen  0.00/turn              (no ring)

@: flying
A: sickness immunity, fire resistance 2, cold vulnerability 1, float, innate
caster, hp casting, extra vitality 1
a: no special abilities


You were on level 2 of the Dungeon.
You visited 1 branch of the dungeon, and saw 3 of its levels.

You collected 162 gold pieces.

Inventory:

Armour
 a - a +0 robe (worn)
Jewellery
 c - a ring of fire
 k - an amulet of the acrobat
Potions
 f - a potion of curing {unknown}
 g - a potion of degeneration
 j - a potion of might {unknown}
 m - a potion of resistance


   Skills:
 * Level 2.1 Fighting
 + Level 2.5 Dodging
 + Level 3.2 Unarmed Combat
 * Level 2.1 Spellcasting


You couldn't memorise any spells.
You knew the following spells:

 Your Spells              Type           Power      Damage    Failure   Level
a - Beastly Appendage     Tmut           14%        N/A       10%         1
b - Wereblood             Tmut           7%         N/A       14%         2
c - Spider Form           Tmut/Pois      3%         N/A       28%         3
d - Ice Form              Ice/Tmut       7%         N/A       67%         4
e - Summon Small Mammal   Summ           28%        N/A       10%         1
Your spell library was empty.

Dungeon Overview and Level Annotations

Branches:
Dungeon (3/15)

Altars:

Shops:
D:2 [:[::


Innate Abilities, Weirdness & Mutations

You are immune to sickness and miasma.
You are immune to poison.
Your flesh is very heat resistant. (rF++)
You are vulnerable to cold. (rC-)
You float through the air rather than walking.
You learn spells naturally, not from books.
Your magical power is your life essence.
You have superior vitality. (+4 HP)


Message History

Your bat dies!
Your bat's corpse disappears in a puff of smoke!
Casting: Summon Small Mammal (safe; 10% risk of failure)
Confirm with . or Enter, or press ? or * to list all spells.
* * * LOW HITPOINT WARNING * * *
The gnoll barely misses your bat.
Your bat completely misses the gnoll.
Your bat hits the gnoll but does no damage.
Your bat closely misses the gnoll.
Your bat hits the gnoll but does no damage.
Your bat hits the gnoll but does no damage.
The gnoll misses your bat.
Your bat hits the gnoll but does no damage.
The gnoll hits your bat with a +0 flail.
Your bat dies!
Your bat's corpse disappears in a puff of smoke!
Casting: Summon Small Mammal (safe; 10% risk of failure)
Confirm with . or Enter, or press ? or * to list all spells.
You miscast Summon Small Mammal.
You are very lightly contaminated with residual magic.
Nothing appears to happen.
* * * LOW HITPOINT WARNING * * *
You see here a +0 whip.
Your magical contamination has completely faded away.
There is an open door here.
As you read the scroll labelled FYMUINL AVAU, it crumbles to dust.
You feel momentarily disoriented.
It was a scroll of magic mapping.
As you read the scroll labelled YWNUCOARRY, it crumbles to dust.
It is a scroll of brand weapon.
You aren't carrying any weapons that can be branded.
You start to feel less resistant.
Okay, then.
As you read the scroll labelled BIFFUGOCZU, it crumbles to dust.
It is a scroll of identify.
g - a potion of degeneration The gnoll completely misses you.
The gnoll barely misses you.
Your resistance to elements expires.
There is an open door here.
The gnoll hits you with a +0 flail.
You die...

#####...#####.###################
#...##.##...##.##...##
.....###.....###.....##
......#...)...#...(...#########
......#.......#......(#.......#
......#.......#.......#######.#
.....###.....###.....## #.#
#...## ##...## ##...## #.#
##'#######'#######'#### #.#
...).............g....# #.#
............)...@.....#######.###
.................................
##'#######'#######'#####.####.###
#...## ##...## ##...## #.###..#
.....###.....###.....###.##.#.###
......#.......#.......##...###...
......#.......#.......#...#.#.###
......#.......#.......###.##.##
.....###.....###.....####.##.#
#...## ##...## ##...##.##.##.#
##### ################.##.##.##


You could see a gnoll.

Vanquished Creatures
  An adder (D:2)
  A worm (D:2)
  A dart slug (D:2)
  An orc (D:2)
  3 ball pythons
  6 endoplasms
  2 giant cockroaches
  2 goblins (D:1)
  3 hobgoblins
  A kobold (D:3)
  A quokka (D:2)
  4 bats
  2 frilled lizards
28 creatures vanquished.

Notes
Turn   | Place    | Note
-------+----------+-------------------------------------------
     0 | D:1      | om the Djinni Transmuter began the quest for the Orb.
     0 | D:1      | Reached XP level 1. HP: 17/17 MP: 0/0
   260 | D:1      | Reached XP level 2. HP: 6/22 MP: 0/0
   761 | D:1      | Found a faded altar of an unknown god.
  1095 | D:2      | Found Defer's Book Shoppe.
  1144 | D:2      | Found Genicw's Armour Shop.
  1357 | D:2      | Found Erhy's Book Boutique.
  1552 | D:2      | HP: 1/22 [adder (1)]
  1871 | D:2      | Found Odwip's Antique Armour Boutique.
  1924 | D:2      | Found Fygaqot's Book Shop.
  1999 | D:2      | Reached XP level 3. HP: 25/28 MP: 0/0
  1999 | D:2      | Learned a level 1 spell: Summon Small Mammal
  3101 | D:2      | Slain by a gnoll

Illustrated notes

Levels and vault maps discovered:
D:1:      matt_arrival_spirals, layout_rooms, shapermc_ecumenical_altar_pompeii,
          minmay_misc_feat_rugged
D:2:      kennysheep_six_static_rooms, layout_loops_ring, serial_shops,
          shop_coins, shop, nicolae_lakefront_shop, nicolae_shop_statue_plus,
          shop
D:3:      layout_basic, ebering_ghost_reflecting_pool, uniq_terence,
          uniq_crazy_yiuf_cottage, uniq_robin, uniq_sigmund

Skill      XL: |  1  2  3 |
---------------+----------+-----
Spellcasting   | 2 |  2.1
Fighting       | 2 |  2.1
Dodging        | |  2.5
Unarmed Combat | |  3.2

Action                   || total
-------------------------++-------
Melee: Unarmed           ||   131
       Headbutt          ||    19
 Cast: Beastly Appendage ||    24
       Summon Small Mamm ||     2
       Spider Form       ||     1
  Use: Potion            ||     2
       Scroll            ||     7
 Stab: Sleeping          ||     1
Armor: Robe              ||    23
Dodge: Dodged            ||   104
